 Dungeon Crawl Stone Soup version 0.30-a0-422-g946f4849ff (webtiles) character file.

Game seed: 8943893930919948665

2590 p00ps00p the Cleaver (level 9, 0/82 HPs)
             Began as a Hill Orc Fighter on Dec 8, 2022.
             Slain by a cyclops (11 damage)
             ... on level 6 of the Dungeon.
             The game lasted 00:08:18 (5315 turns).

p00ps00p the Cleaver (Hill Orc Fighter)             Turns: 5315, Time: 00:08:19

Health: 0/82       AC: 13    Str: 23    XL:     9   Next: 58%
Magic:  0/9        EV:  8    Int:  8    God:
Gold:   303        SH:  5    Dex: 10    Spells: 8/8 levels left

rFire   . . .      SeeInvis .    a - +1 war axe
rCold   + + .      Faith    .    c - +0 buckler
rNeg    . . .      Spirit   +    t - +0 chain mail
rPois   .          Reflect  .    w - +0 helmet
rElec   .          Harm     .    (no cloak)
rCorr   .          Rampage  .    (no gloves)
Will    .....                    j - +0 pair of boots
Stlth   ..........               r - amulet of guardian spirit
HPRegen 0.33/turn                k - ring of protection from cold
MPRegen 0.11/turn                l - ring of protection from cold

@: no status effects
A: no striking features
a: no special abilities


You were on level 6 of the Dungeon.
You visited 1 branch of the dungeon, and saw 6 of its levels.

You collected 303 gold pieces.

Inventory:

Hand Weapons
 a - a +1 war axe (weapon)
 b - a +3 flail of holy wrath
Missiles
 e - 2 throwing nets
 m - 21 poisoned darts (quivered)
Armour
 c - a +0 buckler (worn)
 j - a +0 pair of boots (worn)
 t - a +0 chain mail (worn)
 w - a +0 helmet (worn)
Jewellery
 k - a ring of protection from cold (left hand)
 l - a ring of protection from cold (right hand)
 r - an amulet of guardian spirit (around neck)
 s - a ring of willpower
Wands
 o - a wand of flame (19)
 q - a wand of roots (22)
 y - a wand of polymorph (6)
Scrolls
 h - 2 scrolls of teleportation
 n - 6 scrolls of identify
 u - 2 scrolls of magic mapping {unknown}
 v - 2 scrolls of enchant armour {unknown}
 x - a scroll of fear {unknown}
 B - a scroll of blinking {unknown}
 C - a scroll of fog
 D - a scroll of poison {unknown}
Potions
 f - 3 potions of flight
 g - 2 potions of attraction {unknown}
 i - a potion of curing
 p - 4 potions of lignification {unknown}
 z - 3 potions of heal wounds {unknown}
 A - 2 potions of invisibility {unknown}


   Skills:
 + Level 8.4 Fighting
 + Level 8.7 Axes
 + Level 7.7 Armour
 + Level 7.7 Shields


You had 8 spell levels left.
You didn't know any spells.
Your spell library contained the following spells:

 Spells                   Type           Power      Damage    Failure   Level
 Shock                    Conj/Air       0%         1d3       98%         1
 Gell's Gravitas          Tloc           0%         N/A       100%        3
 Hailstorm                Conj/Ice       0%         3d3       100%        3
 Lesser Beckoning         Tloc           0%         N/A       100%        3
 Swiftness                Air            0%         N/A       100%        3
 Teleport Other           Tloc           0%         N/A       100%        3
 Tukima's Dance           Hex            0%         N/A       100%        3
 Airstrike                Air            0%         2d(0-16)  100%        4
 Ice Form                 Ice/Tmut       0%         N/A       100%        4
 Passage of Golubria      Tloc           0%         N/A       100%        4
 Yara's Violent Unravell  Hex/Tmut       0%         3d3       100%        5
 Simulacrum               Ice/Necr       0%         N/A       100%        6


Dungeon Overview and Level Annotations

Branches:
Dungeon (6/15)
 Temple: D:4-7

Altars:
Elyvilon
Fedhas
Trog
Uskayaw
Zin

Shops:
D:6 =!(


Message History

You are too injured to fight recklessly!
You are too injured to fight recklessly!
You are too injured to fight recklessly!
You are too injured to fight recklessly!
You are too injured to fight recklessly!
You are too injured to fight recklessly!
You are too injured to fight recklessly!
You are too injured to fight recklessly!
You are too injured to fight recklessly!
You are too injured to fight recklessly!
You are too injured to fight recklessly!
You are too injured to fight recklessly!
You are too injured to fight recklessly!
You are too injured to fight recklessly!
You are too injured to fight recklessly!
You are too injured to fight recklessly!
Aiming: Throw Flame
Press: ? - help, Q - select action, (/) - cycle Shift-Dir - straight line, f - cyclops
Aim: a cyclops, quivering large rocks (heavily wounded, 97% to hit)
The puff of flame hits the cyclops.
The cyclops is heavily wounded.
You hit the cyclops but do no damage.
The cyclops is heavily wounded.
The cyclops closely misses you.
You slash the cyclops!
The cyclops is almost dead.
The cyclops hits you!!
* * * LOW HITPOINT WARNING * * *
You barely miss the cyclops.
The cyclops is almost dead.
You block the cyclops's attack.
You hit the cyclops.
The cyclops is almost dead.
The cyclops closely misses you.
You hit the cyclops but do no damage.
The cyclops is almost dead.
You barely miss the cyclops.
The cyclops is almost dead.
The cyclops hits you!
You die...

.##.##......#.###..#
#......###
.##.........#......#
####....>#
.#####...#.....#...#
###.#.# .# .)..#.###.#...#
#.#.# ## .....#...†)#...#
#.#.# ...#.....#..†...#
#.### ....#.###.#$###..#
#.######'#⌠# #...)#..
#......#.#........#..
#....
..#..(..#@....#######..#..
#$###.#.C.#..........#.. #
..#......[.......###
#.(..................
#(###................ #.
................ ..
.............#.. .....
.............#.. ......
........#..


You could see a cyclops.

Vanquished Creatures
  Pikel (D:4)
  Prince Ribbit (D:6)
  A steam dragon (D:6)
  Edmund (D:4)
  A water moccasin (D:5)
  2 black bears
  3 ogres
  2 ice beasts (D:5)
  A phantom (D:5)
  A bullfrog (D:6)
  A scorpion (D:4)
  2 necrophages (D:6)
  4 hounds
  A jelly (D:6)
  An orc priest (D:4)
  A gnoll bouda (D:6)
  Ijyb (D:4)
  Natasha (thrice) (D:2)
  3 iguanas
  3 orc wizards
  11 gnolls
  7 adders
  A shadow imp (D:6)
  2 worms (D:3)
  A dart slug (D:2)
  5 orcs
  2 ball pythons
  7 bats
  4 giant cockroaches
  7 goblins
  8 hobgoblins
  2 quokkas
  2 frilled lizards
  5 kobolds
  3 rats
101 creatures vanquished.

Vanquished Creatures (others)
  12 plants (D:5)
12 creatures vanquished.

Grand Total: 113 creatures vanquished

Notes
Turn   | Place    | Note
-------+----------+-------------------------------------------
     0 | D:1      | p00ps00p the Hill Orc Fighter began the quest for the Orb.
     0 | D:1      | Reached XP level 1. HP: 19/19 MP: 1/1
   533 | D:1      | Reached XP level 2. HP: 27/27 MP: 2/2
   929 | D:2      | Reached XP level 3. HP: 33/33 MP: 3/3
  1052 | D:2      | Noticed Natasha
  1059 | D:2      | Killed Natasha
  1060 | D:2      | Reached XP level 4. HP: 22/40 MP: 4/4
  1412 | D:2      | Noticed Natasha
  1418 | D:2      | Killed Natasha
  1457 | D:2      | Noticed Natasha
  1461 | D:2      | Killed Natasha
  1462 | D:2      | Reached XP level 5. HP: 35/47 MP: 5/5
  2307 | D:4      | Noticed a lemure
  2307 | D:4      | Noticed a lemure
  2308 | D:4      | Noticed Pikel
  2308 | D:4      | Noticed a lemure
  2308 | D:4      | Noticed a lemure
  2320 | D:4      | Killed Pikel
  2321 | D:4      | Reached skill level 5 in Axes
  2321 | D:4      | Reached skill level 5 in Armour
  2321 | D:4      | Reached skill level 5 in Shields
  2321 | D:4      | Reached XP level 6. HP: 29/57 MP: 2/6
  2321 | D:4      | Reached XP level 7. HP: 32/63 MP: 2/7
  2327 | D:4      | Noticed Edmund
  2330 | D:4      | Found a white marble altar of Elyvilon.
  2340 | D:4      | Killed Edmund
  2610 | D:4      | Noticed Ijyb
  2624 | D:4      | Killed Ijyb
  2673 | D:4      | Reached XP level 8. HP: 71/71 MP: 8/8
  2838 | D:4      | Found a bloodstained altar of Trog.
  3150 | D:5      | Entered Level 5 of the Dungeon
  3623 | D:5      | HP: 3/73 [poisoned by a water moccasin]
  3626 | D:5      | HP: 1/73 [poisoned by a water moccasin]
  4038 | D:5      | Found a blossoming altar of Fedhas.
  4376 | D:6      | Found Enupea's Antique Weapon Shop.
  4392 | D:6      | Reached XP level 9. HP: 68/79 MP: 6/9
  4486 | D:6      | Found a glowing silver altar of Zin.
  4637 | D:6      | Found Guxaaxt's Distillery.
  4684 | D:6      | Noticed Prince Ribbit
  4690 | D:6      | Killed Prince Ribbit
  4750 | D:6      | Found a hide-covered altar of Uskayaw.
  4839 | D:6      | Found Varphuna's Jewellery Shop.
  5298 | D:6      | Noticed a cyclops
  5315 | D:6      | Slain by a cyclops

Illustrated notes

Levels and vault maps discovered:
D:1:      amcnicky_arrival_underground_garden, layout_basic, minivault_11,
          nicolae_hexahallways
D:2:      layout_loops_ring, uniq_natasha
D:3:      layout_loops_cross
D:4:      kennysheep_the_goblin_king, layout_basic, elyvilon_altar_5,
          mainiacjoe_overflow_boulevard, uniq_pikel, uniq_edmund
D:5:      layout_rooms, mainiacjoe_overflow_small_starburst, serial_bayou,
          serial_bayou_lake_a, serial_bayou_shore_b, serial_bayou_pond_a,
          serial_bayou_ford_a, grunt_decor_cap
D:6:      hangedman_cross_stitches, layout_basic, mainiacjoe_overflow_alcove_2,
          lemuel_doored_altar, serial_shops, nicolae_shop_advertising_works
          [nicolae_subvault_shop_adworks],
          nicolae_shop_competitors_out_of_business, shop, nicolae_shop_crystal,
          kennysheep_generic_room_15, uniq_prince_ribbit1

Skill      XL: |  1  2  3  4  5  6  7  8  9 |
---------------+----------------------------+-----
Axes           | 3 4 5 6 7 8 |  8.7
Fighting       | 4 6 7 8 |  8.4
Armour         | 4 5 6 7 |  7.7
Shields        | 4 5 6 7 |  7.7

Action                   |  1- 3 |  4- 6 |  7- 9 || total
-------------------------+-------+-------+-------++-------
Melee: War axe           |    55 |    89 |   188 ||   332
Evoke: Wand              |       |     4 |    25 ||    29
  Use: Scroll            |     7 |       |       ||     7
       Potion            |       |     1 |       ||     1
Armor: Scale mail        |    29 |    10 |       ||    39
       Chain mail        |       |    49 |   106 ||   155
Dodge: Dodged            |    23 |    31 |    71 ||   125
Block: Buckler           |    12 |    27 |    56 ||    95

Table legend: (Time is in decaauts)
 A = Elapsed time spent in this place.
 B = Non-inter-level travel time spent in this place.
 C = Inter-level travel time spent in this place.
 D = Time resting spent in this place.
 E = Time spent auto-exploring this place.
 F = Levels seen in this place.
 G = Mean time per level.
                   A        B        C        D        E       F      G
               +--------+--------+--------+--------+--------+-----+--------+
         Total |   5436 |   5260 |    176 |    910 |   3451 |   6 |  906.0 |
       Dungeon |   5436 |   5260 |    176 |    910 |   3451 |   6 |  906.0 |
               +--------+--------+--------+--------+--------+-----+--------+

Top non-repeatable levels by time:
     D:5: 1270 daAuts
     D:6: 947 daAuts
     D:4: 918 daAuts
     D:2: 815 daAuts
     D:3: 749 daAuts
     D:1: 733 daAuts
